 Dungeon Crawl Stone Soup version 0.31-a0-187-gba352fbbf7 (webtiles) character file.

Game seed: 3684138809754086292

11 qw the Shooter (level 2, -1/16 HPs)
             Began as a Deep Elf Hunter on June 22, 2023.
             Slain by a rat (2 damage)
             ... on level 1 of the Dungeon.
             The game lasted 00:00:04 (54 turns).

qw the Shooter (Deep Elf Hunter)                      Turns: 54, Time: 00:00:04

Health: -1/16      AC:  3    Str:  8    XL:     2   Next: 17%
Magic:  4/4        EV: 12    Int: 13    God:
Gold:   0          SH:  0    Dex: 18    Spells: 1/1 levels left

rFire   . . .        a - +0 shortbow
rCold   . . .        (shield currently unavailable)
rNeg    . . .        c - +0 leather armour
rPois   .            (no helmet)
rElec   .            (no cloak)
rCorr   .            (no gloves)
SInv    .            (no boots)
Will    .....        (no amulet)
Stlth   ++           (no ring)
HPRegen 0.22/turn    (no ring)
MPRegen 0.09/turn

%: no passive effects
@: no status effects
A: no striking features
a: no special abilities


You were on level 1 of the Dungeon.
You visited 1 branch of the dungeon, and saw 1 of its levels.


   Skills:
 - Level 1.5 Fighting
 + Level 6.0 Ranged Weapons
 - Level 2.4 Dodging
 - Level 1.2 Stealth


You had one spell level left.
You didn't know any spells.
Your spell library was empty.

Inventory:

Hand Weapons
 a - a +0 shortbow (weapon)
Armour
 c - a +0 leather armour (worn)
Jewellery
 e - a ring of see invisible
Scrolls
 b - a scroll of butterflies
 d - a scroll of identify {unknown}
Potions
 f - a potion of haste {unknown}

Dungeon Overview and Level Annotations

Branches:
Dungeon (1/15)

Altars:


Message History

The rat closely misses you. The giant cockroach barely misses you.
Your Ranged Weapons skill increases to level 6!
You have reached level 2!
You shoot an arrow. The arrow hits the hobgoblin.
The hobgoblin is almost dead.
The rat closely misses you.
The hobgoblin hits you but does no damage.
The giant cockroach barely misses you. The hobgoblin misses you.
The rat bites you.
You shoot an arrow. The arrow hits the hobgoblin.
You kill the hobgoblin!
The giant cockroach closely misses you.
The giant cockroach bites you but does no damage.
The rat bites you but does no damage.
You shoot an arrow. The arrow barely misses the endoplasm.
The giant cockroach misses you. The endoplasm hits you. The rat bites you.
You shoot an arrow. The arrow hits the endoplasm.
The endoplasm is almost dead.
The giant cockroach barely misses you. The endoplasm freezes you.
You are frozen.
The rat bites you. The giant cockroach barely misses you.
You shoot an arrow. The arrow hits the endoplasm.
You kill the endoplasm!
The rat completely misses you. The giant cockroach closely misses you.
You shoot an arrow.
The arrow hits the giant cockroach but does no damage.
The giant cockroach completely misses you.
The rat barely misses you.
You shoot an arrow. The arrow hits the giant cockroach.
The giant cockroach is moderately wounded.
The giant cockroach closely misses you. The rat bites you.
The giant cockroach bites you but does no damage.
You shoot an arrow.
The arrow hits the giant cockroach but does no damage.
The giant cockroach is moderately wounded.
The rat barely misses you. The giant cockroach closely misses you.
You shoot an arrow.
The arrow closely misses the giant cockroach.
The rat bites you.
You die...

.#<......#......##......
.###.).###..............
............#...........
............#...###.....
#)..###...###...###.....
##### #.................
#######...........
#....#......
#...@#......
#..rB)......
#...).......
#...........
#...........
#...........
....##.#.... ....#
.#..#.


You could see a giant cockroach and a rat.

Vanquished Creatures
  2 ball pythons (D:1)
  An endoplasm (D:1)
  3 goblins (D:1)
  2 hobgoblins (D:1)
  A kobold (D:1)
9 creatures vanquished.

Notes
Turn   | Place    | Note
-------+----------+-------------------------------------------
     0 | D:1      | qw the Deep Elf Hunter began the quest for the Orb.
     0 | D:1      | Reached XP level 1. HP: 12/12 MP: 3/3
     0 | D:1      | 0 ||| qw: Version: 0.3-a-9-g12657ce
     0 | D:1      | 0 ||| qw: Game counter: 2118
     0 | D:1      | 0 ||| qw: Always use a shield: true
     0 | D:1      | 0 ||| qw: God list: Okawaru
     0 | D:1      | 0 ||| qw: Allow faded altars: false
     0 | D:1      | 0 ||| qw: Do Orc after D:15 true
     0 | D:1      | 0 ||| qw: Do second Lair branch before Depths: true
     0 | D:1      | 0 ||| qw: Lair rune preference: random
     0 | D:1      | 0 ||| qw: Plans: Normal
     0 | D:1      | 0 ||| PLANNING D:1-11
    46 | D:1      | Reached skill level 6 in Ranged Weapons
    46 | D:1      | Reached XP level 2. HP: 10/16 MP: 4/4
    49 | D:1      | HP: 4/16 [frozen (2)]
    49 | D:1      | HP: 1/16 [rat (3)]
    54 | D:1      | Slain by a rat

Levels and vault maps discovered:
D:1:      minmay_arrival_open_corners, layout_rooms

Skill      XL: |  1 |
---------------+----+-----
Ranged Weapons | 6 |  6.0
Fighting       | |  1.5
Dodging        | |  2.4
Stealth        | |  1.2

Action                     || total
---------------------------++-------
   Fire: Shortbow          ||    25
 Armour: Leather armour    ||     9
  Dodge: Dodged            ||    22

Table legend:
 A = Non-vault XP
 B = Vault XP
 C = Vault XP percentage of total XP
 D = Non-vault monster count
 E = Vault monster count
 F = Vault count percentage of total count
                 A         B        C        D         E       F
            +---------+---------+-------+---------+---------+-------
      Total |      17 |       0 |   0.0 |       9 |       0 |   0.0
            +---------+---------+-------+---------+---------+-------
        D:1 |      17 |       0 |   0.0 |       9 |       0 |   0.0
            +---------+---------+-------+---------+---------+-------
